Description

Decided to fix the old one i had created (used the wrong replay)

This is the MaxPax 1 gate expand orcale opener, this build allows you to have an earlier nexus (if the opponent doesn't block it) while keeping safe with shield batteries Going stargate you have access to the orcale to scout and tell if its an all in and also harass with it After the 5 minutes point, you can either start going disruptor/blink stalker or mass gateway and even dts

Do watch the replay to understand how to execute it right

Replay - MaxPax v ShaDoWn: Game 1 - 2000 Atmospheres LE

Build Order

Get SALT Encoding   

  12  0:00  Probe  
  13  0:12  Probe  
  14  0:19  Pylon  
  14  0:24  Probe  
  15  0:37  Probe (Chrono Boost)  
  15  0:38  Gateway  
  16  0:46  Assimilator, Probe x2 (Chrono Boost)  
  18  1:03  Probe (Chrono Boost)  
  19  1:09  Assimilator  
  19  1:10  Pylon  
  19  1:15  Probe (Chrono Boost)  
  20  1:22  Probe (Chrono Boost)  
  21  1:27  Cybernetics Core  
  21  1:29  Probe  
  26  2:05  Adept (Chrono Boost)  
  26  2:11  Nexus  
  26  2:18  Stargate  
  26  2:22  Warp Gate  
  27  2:30  Pylon  
  27  2:39  Stalker  
  30  2:44  Pylon  
  30  2:51  Shield Battery  
  31  3:00  Oracle (Chrono Boost)  
  34  3:09  Shield Battery  
  35  3:25  Stalker  
  40  3:49  Twilight Council  
  40  3:53  Gateway  
  41  4:01  Void Ray (Chrono Boost)  
  49  4:22  Stalker  
  52  4:25  Pylon  
  52  4:28  Blink (Chrono Boost)  
  53  4:35  Assimilator  
  54  4:43  Forge  
  54  4:45  Gateway  
  55  4:50  Stalker  
  57  4:58  Stalker  
  61  5:18  Photon Cannon  
  61  5:22  Protoss Ground Weapons Level 1 (Chrono Boost)  
  61  5:24  Stalker x2  
  66  5:32  Photon Cannon  
  65  5:51  Robotics Facility  
  65  5:53  Stalker x2  
  69  5:59  Nexus  
  70  6:27  Photon Cannon  
  70  6:29  Stalker  
  78  6:34  Gateway  
  78  6:48  Observer (Chrono Boost)  
  81  6:59  Shield Battery  
  89  7:11  Warp Prism (Chrono Boost)  
  99  7:40  Assimilator x2  
  105  8:06  Gateway x2  
  103  8:15  Observer (Chrono Boost)  
  114  8:59  Gateway x2  
Spawning Tool Build Advisor. Get it on Overwolf

Go to:

Details

  • Created by: Kenosua
  • Published on: Jul 02, 2022
  • Modified on: Jul 02, 2022
  • Patch: 4.11.0
  • Difficulty: Medium
Show
View Real Time Build Order
Export as new Build Order

Comments (1)

On Jan. 8, 2023, 1:20 p.m., Storky  said:

Why 2nd pilon so early? looks stupid

Create an account to comment!